 Dungeon Sprint DCSS version 0.30-a0-177-g1cb5dbfd7a (webtiles) character file.

Game seed: 13740363628611845528

3035 mhtbhm the Bludgeoner (level 9, 0/63 HPs)
             Began as a Gargoyle Berserker on Oct 2, 2022.
             Was an Elder of Trog.
             Slain by a death drake (6 damage)
             ... in the Dungeon (Sprint II: "The Violet Keep of Menkaure").
             The game lasted 00:04:20 (1333 turns).

mhtbhm the Bludgeoner (Gargoyle Berserker)          Turns: 1333, Time: 00:04:21

Health: 0/63       AC: 13    Str: 24    XL:     9   Next: 86%
Magic:  8/8        EV: 13    Int:  9    God:    Trog [****..]
Gold:   324        SH:  5    Dex:  7    Spells: 8/8 levels left

rFire   + + .      SeeInvis +    a - +1 mace
rCold   . . .      Faith    .    (no shield)
rNeg    + . .      Spirit   .    b - +3 leather armour {rF+}
rPois   ∞          Reflect  +    (no helmet)
rElec   +          Harm     .    (no cloak)
rCorr   .          Rampage  .    (no gloves)
Will    .....      NoTele   +    (no boots)
Stlth   +.........               i - amulet of reflection
HPRegen 0.30/turn                k - ring of see invisible
MPRegen 0.11/turn                (no ring)

@: on berserk cooldown, hasted and slowed
A: sickness immunity, AC +6, negative energy resistance 1, electricity
resistance, torment resistance 1, petrification resistance, clumsy 1, fire
resistance 1, frail 1, low MP 1
a: Renounce Religion, Berserk, Trog's Hand, Brothers in Arms


You were in the Dungeon.
You worshipped Trog.
Trog was greatly pleased with you.
You visited 1 branch You collected 1229 gold pieces.
You spent 905 gold pieces at shops.

Inventory:

Hand Weapons
 a - a +1 mace (weapon)
Armour
 b - a +3 leather armour of fire resistance (worn)
Jewellery
 i - an amulet of reflection (around neck)
 k - a ring of see invisible (left hand)
 q - an amulet of regeneration
Scrolls
 h - 6 scrolls of blinking
 j - 2 scrolls of enchant armour
 l - 4 scrolls of fog
 n - a scroll of enchant weapon
 t - a scroll of vulnerability
 u - a scroll of immolation {unknown}
 v - a scroll of amnesia {unknown}
Potions
 c - 2 potions of curing
 d - 4 potions of flight
 f - 6 potions of magic
 g - a potion of berserk rage
 m - 4 potions of resistance {unknown}
 o - a potion of attraction {unknown}
 p - 2 potions of might {unknown}


   Skills:
 + Level 14.4 Fighting
 + Level 15.2 Maces & Flails
 + Level 6.3 Armour
 + Level 6.8 Dodging
 + Level 2.6 Stealth
 + Level 3.0 Shields


You had 8 spell levels left.
You didn't know any spells.
Your spell library was empty.

Dungeon Overview and Level Annotations

Branches:
Dungeon (1/1)

Altars:
Cheibriados
Dithmenos
Elyvilon
Fedhas
Gozag
Hepliaklqana
Kikubaaqudgha
Makhleb
Nemelex Xobeh
Okawaru
Qazlal
Ru
Sif Muna
Trog
Uskayaw
Vehumet
Wu Jian
Xom
Yredelemnul
Zin
The Shining One
Jiyva
Lugonu

Shops:
D :*[(:!=?=*=([?!

Annotations:
D exclusion: oklob plant


Innate Abilities, Weirdness & Mutations

You are immune to sickness and miasma.
Your stone body is resilient. (AC +6)
You are immune to poison.
You resist negative energy. (rN+)
You are resistant to electric shocks. (rElec)
You are resistant to unholy torment.
You are immune to petrification.
You are clumsy. (Dex -2)
Your flesh is heat resistant. (rF+)
You are frail. (-10% HP)
Your magical capacity is low. (-10% MP)


Message History

The swamp drake is heavily wounded.
Your ogre is engulfed in noxious fumes.
Your ogre appears confused.
You hit the swamp drake.
The swamp drake is severely wounded.
Your ogre closely misses the death drake.
The swamp drake bites you. The death drake bites you.
You completely miss the swamp drake.
The swamp drake is severely wounded.
You closely miss the swamp drake.
The swamp drake is severely wounded.
The death drake bites you.
The swamp drake bites you but does no damage.
Your ogre closely misses the death drake.
You sock the swamp drake!
You kill the swamp drake!
Trog accepts your kill.
You are no longer berserk.
You are exhausted.
You feel yourself slow down.
Your Shields skill increases to level 3!
You aren't carrying any items that you can evoke.
Unknown command.
You feel yourself speed up.
The death drake bites you but does no damage.
The death drake closely misses you.
You block the crystal guardian's attack.
You feel much better. The death drake completely misses you.
The death drake bites you.
The crystal guardian fires a crystalline bolt at you.
The crystal bolt burns you!! You resist. The crystal bolt burns your ogre!!!
Your ogre dies!
Your ogre's corpse disappears in a puff of smoke!
You hit the crystal guardian but do no damage.
The death drake bites you but does no damage.
You hit the crystal guardian but do no damage.
The crystal guardian hits you!!
* * * LOW HITPOINT WARNING * * *
The death drake bites you.
You die...

#...▓▓▓▓▓▓▓▓▓▓ ...
#..°▓≈≈≈§≈≈≈§▓▓ + .^^
##:}▓▓▓▓▓▓▓▓▓▓▓ . .. .^
.#:|▓..[.)...▓▓ ##+##.. #.
.#))▓........▓▓ ##..##.####
+.##.#[)▓)...).))▓▓ .##..# ...#
#...####▓.)(....(▓▓ #.#.####..##
#k9##.#▓..).)..:▓▓ #'###.##..#
+†@#..#▓)...)..)▓▓ ##.##...#..#
#..#†)#▓.(....)[▓▓
'.<.')#.'..####.§##.#▓...).(..▓▓
##.##...#....###.§.##▓▓▓▓▓▓▓'▓▓▓▓
##÷###.##......~~~~~~~~~~~~~...X≈
#...####~~.....~#+########+###.≈≈
..#..#~~~§~~~.§§#..._._._#S~~##≈≈
#. .##~§§§~§~~§§#_._._._.#S§≈≈###
## ##~~§§≈≈~~~~~#._._._._#~§~§§#


You could see a death drake and a crystal guardian.

Vanquished Creatures
  A death drake (D)
  A merfolk siren (D)
  2 polar bears (D)
  4 neqoxecs (D)
  Menkaure (D)
  2 swamp drakes (D)
  4 necrophages (D)
  A scorpion (D)
  3 worms (D)
  A tentacle (D)
20 creatures vanquished.

Vanquished Creatures (collateral kills)
  A yaktaur (D)
  A hornet (D)
  A polar bear (D)
3 creatures vanquished.

Vanquished Creatures (others)
  A water moccasin (D)
  12 tentacles (D)
13 creatures vanquished.

Grand Total: 36 creatures vanquished

Notes
Turn   | Place    | Note
-------+----------+-------------------------------------------
     0 | D        | mhtbhm the Gargoyle Berserker began the quest for the Orb.
     0 | D        | Reached XP level 1. HP: 14/14 MP: 1/1
     1 | D        | Noticed a neqoxec
    10 | D        | Gained mutation: Your flesh is heat resistant. (rF+) [a
                  | neqoxec]
    12 | D        | Killed a neqoxec
    13 | D        | Reached skill level 6 in Maces & Flails
    13 | D        | Reached XP level 2. HP: 8/24 MP: 2/2
    13 | D        | Reached XP level 3. HP: 9/28 MP: 3/3
    13 | D        | Reached XP level 4. HP: 11/34 MP: 4/4
    13 | D        | Reached XP level 5. HP: 12/38 MP: 5/5
   120 | D        | Noticed a neqoxec
   120 | D        | Noticed a neqoxec
   120 | D        | Noticed a neqoxec
   121 | D        | Gained mutation: You have hidden genetic defects. [a
                  | neqoxec]
   129 | D        | Killed a neqoxec
   130 | D        | Reached skill level 8 in Maces & Flails
   130 | D        | Reached XP level 6. HP: 45/45 MP: 6/6
   135 | D        | Gained mutation: You are frail. (-10% HP) [a neqoxec]
   137 | D        | Killed a neqoxec
   137 | D        | Reached ** piety under Trog
   138 | D        | Reached skill level 10 in Fighting
   138 | D        | Reached skill level 9 in Maces & Flails
   138 | D        | Reached skill level 5 in Armour
   143 | D        | Killed a neqoxec
   144 | D        | Reached skill level 10 in Maces & Flails
   144 | D        | Reached XP level 7. HP: 46/47 MP: 7/7
   147 | D        | Gained mutation: Your magical capacity is low. (-10% MP)
                  | [hidden defects]
   266 | D        | Reached *** piety under Trog
   371 | D        | Reached skill level 11 in Maces & Flails
   388 | D        | Reached **** piety under Trog
   391 | D        | Gained mutation: You are clumsy. (Dex -2) [hidden defects]
   391 | D        | Lost mutation: You have hidden genetic defects. [hidden
                  | defects expressed]
   422 | D        | Noticed a merfolk siren
   433 | D        | Killed a merfolk siren
   434 | D        | Reached skill level 12 in Maces & Flails
   434 | D        | Reached skill level 1 in Stealth
   434 | D        | Reached XP level 8. HP: 50/54 MP: 7/7
   468 | D        | Found Goyme's Magic Scroll Shoppe.
   468 | D        | Found Jufev's Antique Armour Shoppe.
   468 | D        | Found Jorir's Jewellery Emporium.
   468 | D        | Found Deothrid's Distillery.
   468 | D        | Found Useank's Jewellery Emporium.
   469 | D        | Found Wusuoh's Magic Scroll Emporium.
   469 | D        | Found Qaetaam's General Store.
   469 | D        | Found Wees Kayh's Jewellery Emporium.
   469 | D        | Found Pyagoath's Book Shoppe.
   469 | D        | Found Xeeraa's Antique Weapon Emporium.
   470 | D        | Found Qacieder's Antique Weapon Shoppe.
   470 | D        | Found Yfideecw's Distillery.
   470 | D        | Found Qurchuymm's Antique Armour Shoppe.
   470 | D        | Found Zito's General Store.
   487 | D        | Reached skill level 5 in Dodging
   496 | D        | Noticed Menkaure
   496 | D        | Noticed an oklob plant
   497 | D        | Found Hulefo Janu's Book Shoppe.
   506 | D        | Killed Menkaure
   506 | D        | Reached ***** piety under Trog
   508 | D        | Noticed a great orb of eyes
   513 | D        | Noticed a cane toad
   526 | D        | Noticed a cane toad
   586 | D        | Bought a runed leather armour for 115 gold pieces
   601 | D        | Bought an amulet of reflection for 360 gold pieces
   610 | D        | Bought a potion of heal wounds for 55 gold pieces
   618 | D        | Bought a scroll of blinking for 75 gold pieces
   618 | D        | Bought a scroll of blinking for 75 gold pieces
   626 | D        | Bought a scroll of enchant armour for 75 gold pieces
   626 | D        | Bought a scroll of enchant armour for 75 gold pieces
   626 | D        | Bought a scroll of enchant armour for 75 gold pieces
   647 | D        | Found a glowing golden altar of the Shining One.
   647 | D        | Found an ornate altar of the Wu Jian Council.
   649 | D        | Found a stormy altar of Qazlal.
   650 | D        | Found a shimmering altar of Xom.
   650 | D        | Found a sacrificial altar of Ru.
   651 | D        | Found a basalt altar of Yredelemnul.
   651 | D        | Found a shimmering blue altar of Sif Muna.
   651 | D        | Found a viscous altar of Jiyva.
   652 | D        | Found a glowing silver altar of Zin.
   652 | D        | Found a bloodstained altar of Trog.
   652 | D        | Found an ancient bone altar of Kikubaaqudgha.
   653 | D        | Found a hazy altar of Hepliaklqana.
   653 | D        | Found a snail-covered altar of Cheibriados.
   654 | D        | Found a hide-covered altar of Uskayaw.
   654 | D        | Found a corrupted altar of Lugonu.
   654 | D        | Found a shadowy altar of Dithmenos.
   656 | D        | Found a radiant altar of Vehumet.
   656 | D        | Found a burning altar of Makhleb.
   656 | D        | Found a white marble altar of Elyvilon.
   657 | D        | Found a sparkling altar of Nemelex Xobeh.
   657 | D        | Found a blossoming altar of Fedhas.
   658 | D        | Found an iron altar of Okawaru.
   658 | D        | Found an opulent altar of Gozag.
   659 | D        | Noticed a yaktaur
   659 | D        | Noticed a hornet
   659 | D        | Noticed a polar bear
   659 | D        | Noticed a polar bear
   659 | D        | Noticed a polar bear
   669 | D        | Killed a polar bear
   670 | D        | Reached skill level 13 in Maces & Flails
   684 | D        | Killed a polar bear
   685 | D        | Reached XP level 9. HP: 46/60 MP: 8/8
   689 | D        | Killed a yaktaur
   689 | D        | Killed a hornet
   690 | D        | Reached skill level 14 in Maces & Flails
   690 | D        | Reached skill level 1 in Shields
   695 | D        | Killed a polar bear
   796 | D        | Noticed a kraken
  1082 | D        | HP: 1/91 [tentacle[a kraken] (11)]
  1295 | D        | Noticed a death drake
  1299 | D        | Noticed a death drake
  1306 | D        | Noticed a crystal guardian
  1315 | D        | Killed a death drake
  1316 | D        | Reached skill level 15 in Maces & Flails
  1333 | D        | Slain by a death drake

Illustrated notes

Levels and vault maps discovered:
D:        the_violet_keep_of_menkaure [sprint2_stairs_cluster_1,
          sprint2_shoproom, sprint2_temple, sprint2_basic_supplies,
          sprint2_obstacle_7, sprint2_obstacle_6, sprint2_obstacle_3,
          sprint2_obstacle_5, sprint2_obstacle_4, sprint2_timed_cluster_1,
          sprint2_smallroom_cluster_1, sprint2_smallroom_final_cluster_1,
          sprint2_transparent_cluster_1, sprint2_second_timed_cluster_1,
          sprint2_sniper_area_1, sprint2_heavy_combat_area_1,
          sprint2_mutation_trap_area_1, sprint2_forest_area_1,
          sprint2_light_combat_area_1, sprint2_behind_water_1,
          sprint2_near_end_vault_1]

Skill      XL: |  1  2  3  4  5  6  7  8  9 |
---------------+----------------------------+-----
Fighting       | 7 8 10 12 14 | 14.4
Maces & Flails | 6 8 10 12 13 15 | 15.2
Armour         | 3 4 5 6 |  6.3
Dodging        | 2 3 4 5 6 |  6.8
Stealth        | 1 2 |  2.6
Shields        | 3 |  3.0

Action                   |  1- 3 |  4- 6 |  7- 9 || total
-------------------------+-------+-------+-------++-------
Melee: Mace              |    10 |    21 |   145 ||   176
Invok: Berserk           |     1 |     1 |     4 ||     6
       Brothers in Arms  |       |       |     2 ||     2
  Use: Scroll            |       |       |     7 ||     7
       Potion            |       |       |     4 ||     4
Armor: Animal skin       |     1 |     1 |    18 ||    20
       Leather armour    |       |       |    34 ||    34
Dodge: Dodged            |     1 |     5 |    52 ||    58
Block: Other             |       |       |    23 ||    23

Table legend: (Time is in decaauts)
 A = Elapsed time spent in this place.
 B = Non-inter-level travel time spent in this place.
 C = Inter-level travel time spent in this place.
 D = Time resting spent in this place.
 E = Time spent auto-exploring this place.
 F = Levels seen in this place.
 G = Mean time per level.
                   A        B        C        D        E       F      G
               +--------+--------+--------+--------+--------+-----+--------+
         Total |   1353 |   1353 |      0 |    745 |      0 |   1 | 1353.0 |
       Dungeon |   1353 |   1353 |      0 |    745 |      0 |   1 | 1353.0 |
               +--------+--------+--------+--------+--------+-----+--------+

Top non-repeatable levels by time:
       D: 1353 daAuts
